AoeStats
← Fenix

Arabia

509919686Analyzed
4v4 RM · 4d ago on Sep 28, 2026· 41m 42s· 8 players
Game mode
Random Map
Map size
Large (8 player)
Population
200
Speed
Normal
Resources
Standard
Victory
Conquest
Starting age
Dark Age
Ending age
Imperial Age
RankedLock teamsTeams togetherTeam positionsShared explorationLock speedFull tech treeHidden civsTurbo modeCheats
Victory
Defeat
1533
+10
🇬🇧 Khmer · United Kingdom
1447
+13
🇦🇹 Ethiopians · Austria
1445
+13
🇦🇹 Japanese · Austria
1223
+22
🇹🇷 Ethiopians · Türkiye
1401
-15
🇵🇪 Bengalis · Peru
1387
-15
🇵🇪 Cumans · Peru
1375
-14
🇺🇸 Varangians · United States
1363
-14
SlickPOPI
11:10 Feudal Age
12:11 Loom
16:35 Castle Age
15:24 Double-Bit Axe
15:45 Horse Collar
17:49 Bow Saw
18:09 Heavy Plow
25:12 Scale Barding Armor
27:44 Gold Mining
29:22 Chain Barding Armor
30:20 Fletching
34:26 Town Watch
36:22 Wheelbarrow
36:14 Bloodlines
36:53 Forging
38:36 Hand Cart
39:10 Iron Casting
38:36 Scale Mail Armor
39:17 Pikeman
41:04 Bodkin Arrow
Fenix
6:36 Loom
8:53 Feudal Age
9:25 Double-Bit Axe
19:18 Scale Barding Armor
20:01 Bloodlines
25:18 Castle Age
23:32 Horse Collar
24:54 Gold Mining
28:17 Chain Barding Armor
34:46 Forging
Anakin
5:57 Loom
9:31 Feudal Age
11:30 Double-Bit Axe
15:18 Fletching
17:39 Padded Archer Armor
24:35 Castle Age
24:26 Horse Collar
24:41 Crossbowman
25:20 Bodkin Arrow
31:08 Husbandry
33:32 Ballistics
35:15 Bloodlines
klostrofobikköstebek
7:32 Loom
10:14 Feudal Age
12:58 Fletching
13:08 Padded Archer Armor
24:24 Castle Age
22:59 Horse Collar
23:05 Double-Bit Axe
24:27 Crossbowman
25:46 Leather Archer Armor
25:28 Bodkin Arrow
30:40 Ballistics
32:36 Wheelbarrow
Shugg
6:49 Loom
10:02 Feudal Age
10:45 Double-Bit Axe
17:00 Scale Barding Armor
18:08 Horse Collar
19:04 Forging
23:32 Castle Age
23:00 Gold Mining
24:12 Bloodlines
25:55 Chain Barding Armor
26:50 Husbandry
27:45 Wheelbarrow
27:33 Town Watch
29:07 Iron Casting
31:45 Bow Saw
36:42 Heavy Plow
42:37 Imperial Age
Stehplatz
6:23 Loom
9:40 Feudal Age
10:36 Double-Bit Axe
15:29 Fletching
22:49 Castle Age
23:58 Wheelbarrow
22:52 Crossbowman
23:28 Bodkin Arrow
24:58 Ballistics
26:10 Padded Archer Armor
27:45 Bow Saw
27:25 Horse Collar
33:32 Thumb Ring
38:41 Imperial Age
36:30 Stone Mining
36:33 Gold Mining
38:45 Arbalester
39:37 Siege Engineers
40:35 Chemistry
39:36 Bracer
40:15 Hand Cart
39:45 Town Watch
41:55 Leather Archer Armor
41:47 Siege Engineers
l0rdtHel1ttl3
6:59 Loom
10:10 Feudal Age
10:49 Double-Bit Axe
15:09 Fletching
17:00 Horse Collar
17:23 Padded Archer Armor
19:22 Gold Mining
19:32 Town Watch
24:25 Castle Age
24:26 Crossbowman
25:12 Thumb Ring
25:29 Bodkin Arrow
26:27 Leather Archer Armor
28:31 Ballistics
33:48 Wheelbarrow
35:20 Hand Cart
40:10 Bow Saw
DinoNuggetConnoisseur
6:01 Loom
9:04 Feudal Age
9:45 Double-Bit Axe
10:42 Horse Collar
15:47 Bloodlines
18:02 Wheelbarrow
21:13 Castle Age
19:54 Scale Barding Armor
21:20 Forging
21:19 Light Cavalry
22:26 Bow Saw
23:55 Chain Barding Armor
24:27 Heavy Plow
25:48 Husbandry
26:12 Gold Mining
27:37 Town Watch
33:00 Iron Casting
35:13 Hand Cart
40:53 Imperial Age
40:21 Vendel Legacy
41:00 Cavalier
42:29 Plate Barding Armor
Connection lost

Rejoining the realm…

Still unreachable

The connection could not be restored.

Session expired

The server has moved on; the page needs a fresh start.